 Dungeon Crawl Stone Soup version 0.26.1-16-g4e020e15dc (webtiles) character file.

Game seed: 17048875179226507924

38 BiteMe the Firebug (level 3, -3/24 HPs)
             Began as a Demonspawn Fire Elementalist on May 2, 2023.
             Slain by an orc
             ... wielding a +0 hand axe
              (5 damage)
             ... on level 2 of the Dungeon.
             The game lasted 00:12:11 (2392 turns).

BiteMe the Firebug (Demonspawn Fire Elementalist)   Turns: 2392, Time: 00:12:12

Health: -3/24      AC:  2    Str:  8    XL:     3   Next: 25%
Magic:  0/6        EV: 12    Int: 17    God:
Gold:   121        SH:  0    Dex: 13    Spells: 6/7 levels left

rFire    . . .     SeeInvis .   j - +0 whip
rCold    . . .     Faith    .   (no shield)
rNeg     . . .     Spirit   .   a - +0 robe
rPois    .         Reflect  .   (no helmet)
rElec    .         Harm     .   (no cloak)
rCorr    .         Rampage  .   (no gloves)
Will     .....                  (no boots)
Stlth    ++........             (no amulet)
HPRegen  0.08/turn              (no ring)
MPRegen  0.10/turn              (no ring)

@: brilliant, very slightly contaminated
A: hooves 1, powered by death 1
a: no special abilities


You were on level 2 of the Dungeon.
You visited 1 branch of the dungeon, and saw 3 of its levels.

You collected 121 gold pieces.

Inventory:

Hand Weapons
 b - a +0 club
 i - a +0 hunting sling
 j - a +0 whip (weapon)
 p - a +0 dagger
Missiles
 l - 17 bolts
Armour
 a - a +0 robe (worn)
 f - a +2 leather armour of poison resistance
Jewellery
 e - an uncursed ring of protection from cold {unknown}
Scrolls
 c - 5 scrolls of identify {unknown}
 g - a scroll of enchant weapon {unknown}
 h - a scroll of teleportation {unknown}
 n - a scroll of remove curse {unknown}
 o - a scroll of enchant armour {unknown}
Potions
 d - 2 potions of curing {unknown}
 k - a potion of might {unknown}
 m - a potion of brilliance


   Skills:
 + Level 2.0 Dodging
 - Level 1.7 Stealth
 * Level 2.6 Spellcasting
 * Level 1.5 Conjurations
 * Level 3.2 Fire Magic


You had 6 spell levels left.
You knew the following spells:

 Your Spells              Type           Power        Failure   Level
a - Foxfire               Conj/Fire      60%          7%          1

Your spell library contained the following spells:

 Spells                   Type           Power        Failure   Level
 Conjure Flame            Conj/Fire      15%          21%         3
 Inner Flame              Hex/Fire       11%          28%         3
 Sticky Flame             Conj/Fire      15%          56%         4
 Fireball                 Conj/Fire      7%           88%         5


Dungeon Overview and Level Annotations

Branches:
Dungeon (3/15)

Altars:


Innate Abilities, Weirdness & Mutations

You have large cloven feet.
You regenerate a little health from kills.


Message History

The orc hits you with a +0 hand axe.
* * * LOW HITPOINT WARNING * * *
Casting: Foxfire (safe; 7% risk of failure)
Press: ? - help, Q - select action Dir - look around, f - activate You miscast Foxfire.
You are very lightly contaminated with residual magic.
Nothing appears to happen.
The orc misses you.
Casting: Foxfire (safe; 7% risk of failure)
Press: ? - help, Q - select action Dir - look around, f - activate You conjure some foxfire!
The orc hits you with a +0 hand axe.
* * * LOW HITPOINT WARNING * * *
The orc barely misses your foxfire.
It was a potion of brilliance.
You feel clever all of a sudden.
The foxfire hits the orc.
The orc is heavily wounded.
The orc hits you with a +0 hand axe.
You die...

# #.####.......## #.# #.# #. #
#.............####.###.### #
######...................##.#.
# ##.....#.####............ #
##...##.# #####.#.##.# #
##.###># #............ # #.#
#)# #.###.#...... #####.#
#o####.###.#..#.## #.....#
#@............# # #.#####
######.######## #.# #.# #.#
#.# #.# #.# #.# #.# # #.# #.#
## #.# #.. .# #.#


You could see an orc.

Vanquished Creatures
  3 leopard geckos
  An orc (D:2)
  4 bats (D:1)
  2 giant cockroaches (D:2)
  2 goblins
  5 hobgoblins
  3 kobolds (D:1)
  3 frilled lizards (D:1)
  9 rats
32 creatures vanquished.

Vanquished Creatures (others)
  76 foxfires
76 creatures vanquished.

Grand Total: 108 creatures vanquished

Notes
Turn   | Place    | Note
-------+----------+-------------------------------------------
     0 | D:1      | BiteMe the Demonspawn Fire Elementalist began the quest for
                  | the Orb.
     0 | D:1      | Reached XP level 1. HP: 13/13 MP: 3/3
   615 | D:1      | Gained mutation: You have large cloven feet. [demonic
                  | ancestry]
   615 | D:1      | Reached XP level 2. HP: 19/19 MP: 1/5
   877 | D:1      | Reached skill level 3 in Fire Magic
  1832 | D:2      | Gained mutation: You regenerate a little health from kills.
                  | [demonic ancestry]
  1832 | D:2      | Reached XP level 3. HP: 20/24 MP: 3/6
  2392 | D:2      | Slain by an orc

Illustrated notes

Levels and vault maps discovered:
D:1:      tarquinn_simple_flora_water_b, layout_basic
D:2:      layout_loops_ring
D:3:      layout_loops_corners, elyvilon_altar_3, xom_butterflies

Skill      XL: |  1  2 |
---------------+-------+-----
Fire Magic     | 3 |  3.2
Dodging        | 2 |  2.0
Stealth        | |  1.7
Spellcasting   | |  2.6
Conjurations   | |  1.5

Action                   || total
-------------------------++-------
Melee: Whip              ||     6
       Kick              ||     2
 Cast: Foxfire           ||    48
  Use: Potion            ||     1
Armor: Robe              ||     3
Dodge: Dodged            ||    20
